Harfangs vs Little Stars
(R1)
Created - April 3, 2020 at 20:08
Goals
|
| Harfangs |
1 |
1 |
0 |
1 |
3 |
| Little Stars |
0 |
0 |
2 |
0 |
2 |
|
Shots
|
| Harfangs |
7 |
7 |
20 |
1 |
35 |
| Little Stars |
8 |
10 |
14 |
3 |
35 |
|
1st period
1. Harfangs , Tyler Randell 43 (Tyler Brenner 41, Reid McNeill 33) at 8:10
Penalties :
Jesse Joensuu (Tex) for Hooking (Minor) at 8:15, Calle Jarnkrok (BEA) for Goalie Interference (Minor) at 15:25, Rinat Valiev (BEA) for Interference (Minor) at 17:50
2nd period
2. Harfangs , Michael Bournival 38 (Tyler Brenner 42) at 6:01
Penalties :
Nick Sorensen (BEA) for Roughing (Minor) at 2:50, Michael Bournival (BEA) for High sticking (Minor) at 7:10, Eric Knodel (Tex) for Tripping (Minor) at 8:26, Cristoval Nieves (BEA) for Hooking (Minor) at 10:35, Eric Knodel (Tex) for High sticking (Minor) at 13:37
3rd period
3. Little Stars , Michael Mersch 21 (Daniel O'regan 29, Sebastian Wannstrom 23) at 7:14
4. Little Stars , Adam Tambellini 19 (Patrick Wiercioch 18, Scott Kosmachuck 33) at 7:48
Penalties :
Devon Teows (BEA) for Tripping (Minor) at 1:46, Cristoval Nieves (BEA) for Slashing (Minor) at 13:28, Tyler Brenner (BEA) for Hooking (Minor) at 14:10
Overtime #1
5. Harfangs , Dylan Olsen 9 (Reid McNeill 34, Tyler Brenner 43) at 0:51
Penalties :
No Penalty
Goalie Stats
Anton Forsberg (BEA), 33 saves from 35 shots - (0.943), W, 24-15-4, 60:51 minutes
Matt Murray (Tex), 32 saves from 35 shots - (0.914), OTL, 31-16-6, 60:51 minutes
Players Stats for Harfangs
Player Name G A P +/- PIM S H SB GA TA FO MP PP MP PK MP
------------------------------------------------------------------------------------
Brandon McMillan 0 0 0 0 0 2 1 0 0 1 0/0 12:51 2:23 0:00
Brenden Kichton 0 0 0 -2 0 1 1 1 0 0 0/0 21:28 2:08 5:26
Calle Jarnkrok 0 0 0 1 2 1 1 1 0 1 6/9 17:04 2:23 3:33
Cristoval Nieves 0 0 0 0 4 1 0 0 0 0 2/5 7:43 0:00 1:02
Devon Teows 0 0 0 0 2 1 1 1 0 0 0/0 8:42 0:15 0:00
Dylan Olsen 1 0 1 3 0 3 1 0 0 0 0/0 30:41 2:51 8:26
Erik Nystrom 0 0 0 -2 0 2 1 0 0 0 0/0 11:45 0:00 3:25
Jake Dotchin 0 0 0 -2 0 0 2 0 0 1 0/0 21:28 2:08 5:26
Michael Bournival 1 0 1 2 2 9 1 0 0 1 0/0 23:04 2:46 5:35
Morgan Klimchuk 0 0 0 0 0 1 1 1 0 0 0/0 8:23 0:00 2:16
Nick Shore 0 0 0 -2 0 2 0 1 1 0 3/4 9:14 0:05 0:00
Nick Sorensen 0 0 0 0 2 0 1 0 0 0 0/0 6:37 0:05 0:00
Reid McNeill 0 2 2 3 0 0 3 0 0 4 0/0 30:41 2:51 8:26
Rinat Valiev 0 0 0 0 2 0 2 2 0 0 0/0 8:44 0:15 0:00
Ryan Hartman 0 0 0 0 0 2 1 0 0 0 0/1 12:51 2:23 0:00
Sven Andrighetto 0 0 0 -2 0 0 3 0 0 0 1/2 10:03 0:33 0:00
Tyler Brenner 0 3 3 3 2 4 2 0 0 0 15/24 21:20 2:36 3:43
Tyler Randell 1 0 1 2 0 6 2 1 0 1 9/16 24:45 2:28 6:52
Players Stats for Little Stars
Player Name G A P +/- PIM S H SB GA TA FO MP PP MP PK MP
------------------------------------------------------------------------------------
Adam Tambellini 1 0 1 0 0 2 2 0 2 0 0/0 15:25 5:57 0:00
Anton Cederholm 0 0 0 -1 0 0 0 2 0 0 0/0 21:47 6:05 2:39
Dana Tyrell 0 0 0 -1 0 3 3 1 0 0 18/40 24:56 7:50 2:20
Daniel O'regan 0 1 1 1 0 2 1 1 0 0 2/8 12:59 0:54 0:45
Daniil Tarasov 0 0 0 0 0 1 0 0 0 1 0/0 6:17 0:00 0:00
Eric Knodel 0 0 0 -1 4 3 1 5 0 0 0/0 19:47 6:04 0:41
Evgeny Kuznetsov 0 0 0 0 0 2 0 0 1 0 2/7 19:18 6:02 2:14
Jason Dickinson 0 0 0 0 0 1 0 0 0 0 2/2 6:17 0:00 0:00
Jesse Joensuu 0 0 0 -2 2 4 2 0 3 0 0/2 21:46 7:32 0:57
Michael Mersch 1 0 1 1 0 7 1 0 1 0 0/0 12:57 0:23 1:12
Patrick Wiercioch 0 1 1 0 0 3 1 3 0 0 0/0 29:32 7:47 2:19
Reece Willcox 0 0 0 0 0 0 0 0 0 0 0/0 9:45 0:00 0:27
Scott Kosmachuck 0 1 1 -2 0 1 2 0 0 0 0/0 21:51 7:01 1:34
Sebastian Wannstrom 0 1 1 1 0 3 0 0 0 0 1/1 12:11 0:00 1:26
Shane Gersich 0 0 0 0 0 1 1 0 1 0 0/0 6:17 0:00 0:00
Tucker Poolman 0 0 0 0 0 1 1 0 0 0 0/0 11:05 0:00 1:47
Tyler Wotherspoon 0 0 0 0 0 1 1 1 0 0 0/0 29:49 7:47 2:35
Zach Budish 0 0 0 0 0 0 1 0 1 0 0/1 15:25 5:57 0:00
3 Stars
1 - Reid McNeill (BEA)
2 - Tyler Brenner (BEA)
3 - Dylan Olsen (BEA)
Power Play
Harfangs - 0 on 3 Attempt(s) - 0.00%
Little Stars - 0 on 8 Attempt(s) - 0.00%
Penalty Kill
Harfangs - 8 on 8 Attempt(s) - 100.00%
- Score 0 goal in Penalty Kill
Little Stars - 3 on 3 Attempt(s) - 100.00%
- Score 0 goal in Penalty Kill
Team Stat
Harfangs - Hits : 24 - Faceoff Wins : 36 - Blocked Shots : 8 - Penalty Minutes : 16
Little Stars - Hits : 17 - Faceoff Wins : 25 - Blocked Shots : 13 - Penalty Minutes : 6
Official
Referees : Unknown
Linesman : Unknown
Game Notes
No Game Note
Finance
Level 1 -- Attendance: 1674 (83.70%) -- Ticket Income $58,590
Level 2 -- Attendance: 929 (92.90%) -- Ticket Income $13,935
Total Attendance: 2603 (86.77%)
Total Ticket Income: $72,525
Other Income: $3,626
Total Income: $76,151
Harfangs
5 vs 5 Forward
Center Left Wing Right Wing Time % Phy DF OF
1 Tyler Brenner Michael Bournival Tyler Randell 40 1 2 2
2 Calle Jarnkrok Brandon McMillan Ryan Hartman 30 1 2 2
3 Nick Shore Erik Nystrom Sven Andrighetto 20 1 2 2
4 Cristoval Nieves Morgan Klimchuk Nick Sorensen 10 1 2 2
5 vs 5 Defense
Defense Defense Time % Phy DF OF
1 Dylan Olsen Reid McNeill 40 1 2 2
2 Jake Dotchin Brenden Kichton 30 1 2 2
3 Devon Teows Rinat Valiev 20 1 2 2
4 Dylan Olsen Reid McNeill 10 1 2 2
PowerPlay Forward
Center Left Wing Right Wing Time % Phy DF OF
1 Tyler Brenner Michael Bournival Tyler Randell 60 1 2 2
2 Calle Jarnkrok Brandon McMillan Ryan Hartman 40 1 2 2
PowerPlay Defense
Defense Defense Time % Phy DF OF
1 Dylan Olsen Reid McNeill 60 1 2 2
2 Jake Dotchin Brenden Kichton 40 1 2 2
Penalty Kill 4 Players Forward
Center Wing Time % Phy DF OF
1 Tyler Randell Michael Bournival 60 1 2 2
2 Tyler Brenner Calle Jarnkrok 40 1 2 2
Penalty Kill 4 Players Defense
Defense Defense Time % Phy DF OF
1 Dylan Olsen Reid McNeill 60 1 2 2
2 Jake Dotchin Brenden Kichton 40 1 2 2
Penalty Kill - 3 Players Forward
Forward Time % Phy DF OF
1 Tyler Randell 60 1 2 2
2 Michael Bournival 40 1 2 2
Penalty Kill - 3 Players Defense
Defense Defense Time % Phy DF OF
1 Dylan Olsen Reid McNeill 60 1 2 2
2 Jake Dotchin Brenden Kichton 40 1 2 2
4 vs 4 Forward
Center Wing Time % Phy DF OF
1 Tyler Randell Michael Bournival 60 1 2 2
2 Tyler Brenner Calle Jarnkrok 40 1 2 2
4 vs 4 Defense
Defense Defense Time % Phy DF OF
1 Dylan Olsen Reid McNeill 60 1 2 2
2 Jake Dotchin Brenden Kichton 40 1 2 2
Last Minutes Offensive
Center Left Wing Right Wing Defense Defense
Tyler Brenner Michael Bournival Tyler Randell Dylan Olsen Reid McNeill
Last Minutes Defensive
Center Left Wing Right Wing Defense Defense
Tyler Brenner Michael Bournival Tyler Randell Dylan Olsen Reid McNeill
Goaltenders
Starting : Anton Forsberg
Backup : Ilya Sorokin
Extra Forwards
Normal : Sven Andrighetto, Nick Shore, Erik Nystrom - PP : Sven Andrighetto, Nick Shore - PK : Erik Nystrom
Extra Defensemen
Normal : Devon Teows, Rinat Valiev, Jake Dotchin - PP : Devon Teows - PK : Rinat Valiev, Jake Dotchin
Penalty Shots
Tyler Randell, Michael Bournival, Tyler Brenner, Calle Jarnkrok, Brandon McMillan
Scratches
JC Lipon (Healthy), Blake Heinrich (Healthy), Laurent Dauphin (Healthy), Mark Alt (Healthy), Brendan Leipsic (Healthy)
Lucas Wallmarkk (Healthy), Justin Kirkland (Healthy), Victor Bartley (Healthy), Anthony Angello (Healthy), Jason Kasdorf (Healthy)
Scott Wedgewood (Healthy), Zachary Fucale (Healthy)
Little Stars
5 vs 5 Forward
Center Left Wing Right Wing Time % Phy DF OF
1 Dana Tyrell Jesse Joensuu Scott Kosmachuck 40 1 2 2
2 Evgeny Kuznetsov Adam Tambellini Zach Budish 30 1 2 2
3 Daniel O'regan Michael Mersch Sebastian Wannstrom 20 1 2 2
4 Jason Dickinson Shane Gersich Daniil Tarasov 10 1 2 2
5 vs 5 Defense
Defense Defense Time % Phy DF OF
1 Tyler Wotherspoon Patrick Wiercioch 40 1 2 2
2 Eric Knodel Anton Cederholm 30 1 2 2
3 Reece Willcox Tucker Poolman 20 1 2 2
4 Tyler Wotherspoon Patrick Wiercioch 10 1 2 2
PowerPlay Forward
Center Left Wing Right Wing Time % Phy DF OF
1 Dana Tyrell Jesse Joensuu Scott Kosmachuck 60 0 2 3
2 Evgeny Kuznetsov Adam Tambellini Zach Budish 40 0 2 3
PowerPlay Defense
Defense Defense Time % Phy DF OF
1 Tyler Wotherspoon Patrick Wiercioch 60 0 2 3
2 Eric Knodel Anton Cederholm 40 0 2 3
Penalty Kill 4 Players Forward
Center Wing Time % Phy DF OF
1 Dana Tyrell Evgeny Kuznetsov 60 0 3 2
2 Jesse Joensuu Scott Kosmachuck 40 0 3 2
Penalty Kill 4 Players Defense
Defense Defense Time % Phy DF OF
1 Tyler Wotherspoon Patrick Wiercioch 60 0 3 2
2 Eric Knodel Anton Cederholm 40 0 3 2
Penalty Kill - 3 Players Forward
Forward Time % Phy DF OF
1 Dana Tyrell 60 0 3 2
2 Evgeny Kuznetsov 40 0 3 2
Penalty Kill - 3 Players Defense
Defense Defense Time % Phy DF OF
1 Tyler Wotherspoon Patrick Wiercioch 60 0 3 2
2 Eric Knodel Anton Cederholm 40 0 3 2
4 vs 4 Forward
Center Wing Time % Phy DF OF
1 Dana Tyrell Evgeny Kuznetsov 60 1 2 2
2 Jesse Joensuu Scott Kosmachuck 40 1 2 2
4 vs 4 Defense
Defense Defense Time % Phy DF OF
1 Tyler Wotherspoon Patrick Wiercioch 60 1 2 2
2 Eric Knodel Anton Cederholm 40 1 2 2
Last Minutes Offensive
Center Left Wing Right Wing Defense Defense
Dana Tyrell Jesse Joensuu Scott Kosmachuck Tyler Wotherspoon Patrick Wiercioch
Last Minutes Defensive
Center Left Wing Right Wing Defense Defense
Dana Tyrell Jesse Joensuu Scott Kosmachuck Tyler Wotherspoon Patrick Wiercioch
Goaltenders
Starting : Matt Murray
Backup : Peter Delmas
Extra Forwards
Normal : Daniel O'regan, Michael Mersch, Sebastian Wannstrom - PP : Daniel O'regan, Michael Mersch - PK : Sebastian Wannstrom
Extra Defensemen
Normal : Reece Willcox, Tucker Poolman, Eric Knodel - PP : Reece Willcox - PK : Tucker Poolman, Eric Knodel
Penalty Shots
Dana Tyrell, Evgeny Kuznetsov, Jesse Joensuu, Scott Kosmachuck, Adam Tambellini
Scratches
Justin Auger (Healthy), Ville Pokka (Healthy), Emile Poirier (Healthy), Radel Fazleev (Healthy), Julien Nantel (Healthy)
Connor Knapp (Healthy), Spencer Martin (Healthy)
% Time on Ice - Harfangs
Lines # - Real PCT - Wanted PCT - Time Play
Normal Forward
1 - 36% - 40% - 14:39
2 - 28% - 30% - 11:08
3 - 21% - 20% - 8:20
4 - 15% - 10% - 6:04
Normal Defense
1 - 44% - 40% - 17:50
2 - 34% - 30% - 13:32
3 - 20% - 20% - 7:58
4 - 2% - 10% - 0:51
PP Forward
1 - 54% - 60% - 2:51
2 - 46% - 40% - 2:23
PP Defense
1 - 59% - 60% - 3:06
2 - 41% - 40% - 2:08
PK Forward
1 - 67% - 60% - 8:27
2 - 33% - 40% - 4:08
PK Defense
1 - 61% - 60% - 7:43
2 - 39% - 40% - 4:52
PK3 Forward
1 - 78% - 60% - 1:00
2 - 22% - 40% - 0:17
PK3 Defense
1 - 56% - 60% - 0:43
2 - 44% - 40% - 0:34
44 Forward
1 - 85% - 60% - 1:20
2 - 15% - 40% - 0:14
44 Defense
1 - 77% - 60% - 1:12
2 - 23% - 40% - 0:22
Last Minute Offensive - 0:00
Last Minute Defensive - 0:00
Total
Forward - 60:51
Defense - 60:51
|
% Time on Ice - Little Stars
Lines # - Real PCT - Wanted PCT - Time Play
Normal Forward
1 - 34% - 40% - 13:29
2 - 24% - 30% - 9:43
3 - 27% - 20% - 10:42
4 - 16% - 10% - 6:17
Normal Defense
1 - 43% - 40% - 17:23
2 - 32% - 30% - 12:46
3 - 23% - 20% - 9:15
4 - 2% - 10% - 0:47
PP Forward
1 - 56% - 60% - 7:50
2 - 44% - 40% - 6:02
PP Defense
1 - 56% - 60% - 7:47
2 - 44% - 40% - 6:05
PK Forward
1 - 70% - 60% - 3:40
2 - 30% - 40% - 1:34
PK Defense
1 - 49% - 60% - 2:35
2 - 51% - 40% - 2:39
PK3 Forward
1 - 0% - 60%
2 - 0% - 40%
PK3 Defense
1 - 0% - 60%
2 - 0% - 40%
44 Forward
1 - 85% - 60% - 1:20
2 - 15% - 40% - 0:14
44 Defense
1 - 82% - 60% - 1:17
2 - 18% - 40% - 0:17
Last Minute Offensive - 0:00
Last Minute Defensive - 0:00
Total
Forward - 60:51
Defense - 60:51
|
Play-by-Play
1st period
0:01 of 1st period - Dana Tyrell wins face-off versus Tyler Randell in neutral zone.
0:12 of 1st period - Slapshot by Jesse Joensuu.
0:12 of 1st period - Stopped by Anton Forsberg with a rebound.
0:18 of 1st period - Jesse Joensuu is hit by Tyler Randell and loses puck.
1:01 of 1st period - Slapshot by Dylan Olsen.
1:01 of 1st period - Shot Blocked by Anton Cederholm.
1:21 of 1st period - Snap shot by Cristoval Nieves.
1:21 of 1st period - Stopped by Matt Murray with a rebound.
1:35 of 1st period - Brenden Kichton is hit by Jesse Joensuu and loses puck.
2:25 of 1st period - Off-side.
2:26 of 1st period - Dana Tyrell wins face-off versus Tyler Brenner in neutral zone.
2:40 of 1st period - Off-side.
2:41 of 1st period - Calle Jarnkrok wins face-off versus Evgeny Kuznetsov in neutral zone.
2:50 of 1st period - Backhand shot by Ryan Hartman.
2:50 of 1st period - Shot Misses the Net.
3:08 of 1st period - Scott Kosmachuck is hit by Rinat Valiev.
3:32 of 1st period - Slapshot by Shane Gersich.
3:32 of 1st period - Shot Blocked by Rinat Valiev.
3:54 of 1st period - Slapshot by Dylan Olsen.
3:54 of 1st period - Stopped by Matt Murray with a rebound.
3:56 of 1st period - Snap shot by Brandon McMillan.
3:56 of 1st period - Deflect By Ryan Hartman.
3:56 of 1st period - Stopped by Matt Murray without a rebound.
3:57 of 1st period - Calle Jarnkrok wins face-off versus Dana Tyrell in Little Stars zone.
4:22 of 1st period - Patrick Wiercioch is hit by Reid McNeill and loses puck.
4:29 of 1st period - Slapshot by Michael Bournival.
4:29 of 1st period - Shot Blocked by Tyler Wotherspoon.
4:31 of 1st period - Slapshot by Reid McNeill.
4:31 of 1st period - Shot Misses the Net.
4:33 of 1st period - Snap shot by Michael Bournival.
4:33 of 1st period - Stopped by Matt Murray without a rebound.
4:34 of 1st period - Dana Tyrell wins face-off versus Cristoval Nieves in Little Stars zone.
4:49 of 1st period - Snap shot by Scott Kosmachuck.
4:49 of 1st period - Shot Blocked by Morgan Klimchuk.
5:23 of 1st period - Snap shot by Michael Mersch.
5:23 of 1st period - Stopped by Anton Forsberg without a rebound.
5:24 of 1st period - Daniel O'regan wins face-off versus Calle Jarnkrok in Harfangs zone.
5:42 of 1st period - Icing by Patrick Wiercioch.
5:43 of 1st period - Tyler Brenner wins face-off versus Daniel O'regan in Little Stars zone.
5:52 of 1st period - Wrist shot by Tyler Brenner.
5:52 of 1st period - Shot Misses the Net.
6:10 of 1st period - Snap shot by Sebastian Wannstrom.
6:10 of 1st period - Deflect By Dylan Olsen.
6:10 of 1st period - Stopped by Anton Forsberg with a rebound.
6:20 of 1st period - Wrist shot by Sebastian Wannstrom.
6:20 of 1st period - Stopped by Anton Forsberg without a rebound.
6:21 of 1st period - Dana Tyrell wins face-off versus Sven Andrighetto in Harfangs zone.
6:29 of 1st period - Wrist shot by Jesse Joensuu.
6:29 of 1st period - Shot Misses the Net.
6:31 of 1st period - Wrist shot by Scott Kosmachuck.
6:31 of 1st period - Shot Blocked by Nick Shore.
6:33 of 1st period - Wrist shot by Eric Knodel.
6:33 of 1st period - Stopped by Anton Forsberg with a rebound.
6:35 of 1st period - Slapshot by Anton Cederholm.
6:35 of 1st period - Shot Blocked by Devon Teows.
6:47 of 1st period - Eric Knodel is hit by Ryan Hartman and loses puck.
7:00 of 1st period - Snap shot by Ryan Hartman.
7:00 of 1st period - Stopped by Matt Murray without a rebound.
7:01 of 1st period - Dana Tyrell wins face-off versus Tyler Brenner in Little Stars zone.
7:01 of 1st period - Dana Tyrell is hit by Tyler Randell.
7:40 of 1st period - Off-side.
7:41 of 1st period - Jason Dickinson wins face-off versus Cristoval Nieves in neutral zone.
7:54 of 1st period - Snap shot by Daniil Tarasov.
7:54 of 1st period - Stopped by Anton Forsberg with a rebound.
7:56 of 1st period - Snap shot by Anton Cederholm.
7:56 of 1st period - Deflect By Jason Dickinson.
7:56 of 1st period - Shot Misses the Net.
7:56 of 1st period - Puck is out of play.
7:57 of 1st period - Dana Tyrell wins face-off versus Tyler Brenner in Harfangs zone.
8:10 of 1st period - Slapshot by Tyler Randell.
8:10 of 1st period - Goal by Tyler Randell - Harfangs : 1 - Little Stars : 0.
8:11 of 1st period - Nick Shore wins face-off versus Dana Tyrell in neutral zone.
8:15 of 1st period - Minor Penalty to Jesse Joensuu for Hooking.
8:16 of 1st period - Dana Tyrell wins face-off versus Tyler Brenner in Little Stars zone.
8:24 of 1st period - Wrist shot by Michael Bournival.
8:24 of 1st period - Stopped by Matt Murray with a rebound.
10:15 of 1st period - Penalty to Jesse Joensuu is over, Jesse Joensuu is back on ice.
10:24 of 1st period - Slapshot by Daniil Tarasov.
10:24 of 1st period - Shot Blocked by Rinat Valiev.
10:54 of 1st period - Evgeny Kuznetsov is hit by Nick Sorensen.
13:08 of 1st period - Snap shot by Michael Mersch.
13:08 of 1st period - Stopped by Anton Forsberg with a rebound.
13:30 of 1st period - Brenden Kichton is hit by Tucker Poolman and loses puck.
14:52 of 1st period - Dylan Olsen is hit by Shane Gersich and loses puck.
15:21 of 1st period - Snap shot by Jesse Joensuu.
15:21 of 1st period - Stopped by Anton Forsberg without a rebound.
15:22 of 1st period - Calle Jarnkrok wins face-off versus Dana Tyrell in Harfangs zone.
15:22 of 1st period - Calle Jarnkrok is hit by Dana Tyrell.
15:25 of 1st period - Minor Penalty to Calle Jarnkrok for Goalie Interference.
15:26 of 1st period - Tyler Randell wins face-off versus Dana Tyrell in Harfangs zone.
16:01 of 1st period - Wrist shot by Adam Tambellini.
16:01 of 1st period - Shot Misses the Net.
16:07 of 1st period - Snap shot by Evgeny Kuznetsov.
16:07 of 1st period - Shot Misses the Net.
17:14 of 1st period - Eric Knodel is hit by Brenden Kichton and loses puck.
17:25 of 1st period - Penalty to Calle Jarnkrok is over, Calle Jarnkrok is back on ice.
17:43 of 1st period - Ryan Hartman is hit by Patrick Wiercioch and loses puck.
17:50 of 1st period - Minor Penalty to Rinat Valiev for Interference.
17:51 of 1st period - Evgeny Kuznetsov wins face-off versus Tyler Randell in Harfangs zone.
19:45 of 1st period - Patrick Wiercioch is hit by Jake Dotchin and loses puck.
19:50 of 1st period - Penalty to Rinat Valiev is over, Rinat Valiev is back on ice.
Goals for this period are 1 for Harfangs vs 0 for Little Stars.
Shots for this period are 7 for Harfangs vs 8 for Little Stars.
2nd period
0:01 of 2nd period - Dana Tyrell wins face-off versus Tyler Randell in neutral zone.
0:16 of 2nd period - Dylan Olsen is hit by Jesse Joensuu.
0:39 of 2nd period - Wrist shot by Michael Bournival.
0:39 of 2nd period - Stopped by Matt Murray with a rebound.
0:51 of 2nd period - Wrist shot by Tyler Randell.
0:51 of 2nd period - Shot Misses the Net.
1:23 of 2nd period - Wrist shot by Michael Bournival.
1:23 of 2nd period - Stopped by Matt Murray without a rebound.
1:24 of 2nd period - Calle Jarnkrok wins face-off versus Dana Tyrell in Little Stars zone.
2:50 of 2nd period - Minor Penalty to Nick Sorensen for Roughing.
2:51 of 2nd period - Dana Tyrell wins face-off versus Tyler Randell in Harfangs zone.
2:54 of 2nd period - Snap shot by Dana Tyrell.
2:54 of 2nd period - Stopped by Anton Forsberg with a rebound.
4:50 of 2nd period - Penalty to Nick Sorensen is over, Nick Sorensen is back on ice.
4:57 of 2nd period - Backhand shot by Cristoval Nieves.
4:57 of 2nd period - Shot Misses the Net.
4:59 of 2nd period - Wrist shot by Nick Sorensen.
4:59 of 2nd period - Shot Blocked by Anton Cederholm.
5:01 of 2nd period - Backhand shot by Devon Teows.
5:01 of 2nd period - Stopped by Matt Murray with a rebound.
5:03 of 2nd period - Slapshot by Rinat Valiev.
5:03 of 2nd period - Shot Misses the Net.
5:15 of 2nd period - Snap shot by Shane Gersich.
5:15 of 2nd period - Shot Misses the Net.
5:17 of 2nd period - Slapshot by Eric Knodel.
5:17 of 2nd period - Stopped by Anton Forsberg without a rebound.
5:18 of 2nd period - Jason Dickinson wins face-off versus Nick Shore in Harfangs zone.
5:19 of 2nd period - Snap shot by Shane Gersich.
5:19 of 2nd period - Shot Misses the Net.
5:29 of 2nd period - Slapshot by Patrick Wiercioch.
5:29 of 2nd period - Deflect By Shane Gersich.
5:29 of 2nd period - Shot Misses the Net.
5:29 of 2nd period - Puck is out of play.
5:30 of 2nd period - Tyler Randell wins face-off versus Evgeny Kuznetsov in Harfangs zone.
5:41 of 2nd period - Wrist shot by Tyler Randell.
5:41 of 2nd period - Shot Misses the Net.
5:43 of 2nd period - Wrist shot by Jake Dotchin.
5:43 of 2nd period - Shot Misses the Net.
5:45 of 2nd period - Wrist shot by Tyler Randell.
5:45 of 2nd period - Stopped by Matt Murray without a rebound.
5:46 of 2nd period - Dana Tyrell wins face-off versus Ryan Hartman in Little Stars zone.
5:59 of 2nd period - Slapshot by Brandon McMillan.
5:59 of 2nd period - Stopped by Matt Murray without a rebound.
6:00 of 2nd period - Tyler Brenner wins face-off versus Evgeny Kuznetsov in Little Stars zone.
6:01 of 2nd period - Slapshot by Michael Bournival.
6:01 of 2nd period - Goal by Michael Bournival - Harfangs : 2 - Little Stars : 0.
6:02 of 2nd period - Tyler Brenner wins face-off versus Dana Tyrell in neutral zone.
6:11 of 2nd period - Dylan Olsen is hit by Dana Tyrell and loses puck.
6:28 of 2nd period - Zach Budish is hit by Dylan Olsen and loses puck.
6:46 of 2nd period - Jake Dotchin is hit by Zach Budish and loses puck.
6:51 of 2nd period - Snap shot by Evgeny Kuznetsov.
6:51 of 2nd period - Shot Misses the Net.
6:53 of 2nd period - Slapshot by Adam Tambellini.
6:53 of 2nd period - Stopped by Anton Forsberg with a rebound.
6:55 of 2nd period - Slapshot by Patrick Wiercioch.
6:55 of 2nd period - Stopped by Anton Forsberg without a rebound.
6:56 of 2nd period - Tyler Brenner wins face-off versus Dana Tyrell in Harfangs zone.
7:03 of 2nd period - Snap shot by Scott Kosmachuck.
7:03 of 2nd period - Shot Misses the Net.
7:05 of 2nd period - Snap shot by Dana Tyrell.
7:05 of 2nd period - Shot Misses the Net.
7:10 of 2nd period - Minor Penalty to Michael Bournival for High sticking.
7:11 of 2nd period - Tyler Randell wins face-off versus Dana Tyrell in Harfangs zone.
7:31 of 2nd period - Dylan Olsen is hit by Tyler Wotherspoon and loses puck.
7:39 of 2nd period - Icing by Jesse Joensuu.
7:40 of 2nd period - Dana Tyrell wins face-off versus Tyler Randell in Little Stars zone.
7:45 of 2nd period - Jake Dotchin is hit by Scott Kosmachuck and loses puck.
8:00 of 2nd period - Slapshot by Dana Tyrell.
8:00 of 2nd period - Deflect By Jesse Joensuu.
8:00 of 2nd period - Shot Misses the Net.
8:00 of 2nd period - Puck is out of play.
8:01 of 2nd period - Tyler Randell wins face-off versus Evgeny Kuznetsov in Harfangs zone.
8:26 of 2nd period - Minor Penalty to Eric Knodel for Tripping.
8:27 of 2nd period - Tyler Randell wins face-off versus Dana Tyrell in Little Stars zone.
8:48 of 2nd period - Backhand shot by Tyler Randell.
8:48 of 2nd period - Stopped by Matt Murray without a rebound.
8:49 of 2nd period - Dana Tyrell wins face-off versus Tyler Randell in Little Stars zone.
9:10 of 2nd period - Penalty to Michael Bournival is over, Michael Bournival is back on ice.
9:40 of 2nd period - Dana Tyrell is hit by Reid McNeill.
10:26 of 2nd period - Penalty to Eric Knodel is over, Eric Knodel is back on ice.
10:35 of 2nd period - Minor Penalty to Cristoval Nieves for Hooking.
10:36 of 2nd period - Tyler Randell wins face-off versus Jesse Joensuu in Harfangs zone.
10:57 of 2nd period - Jesse Joensuu is hit by Calle Jarnkrok and loses puck.
12:25 of 2nd period - Morgan Klimchuk is hit by Daniel O'regan and loses puck.
12:35 of 2nd period - Penalty to Cristoval Nieves is over, Cristoval Nieves is back on ice.
12:36 of 2nd period - Michael Mersch is hit by Jake Dotchin and loses puck.
12:43 of 2nd period - Brenden Kichton is hit by Michael Mersch and loses puck.
13:00 of 2nd period - Snap shot by Shane Gersich.
13:00 of 2nd period - Stopped by Anton Forsberg with a rebound.
13:02 of 2nd period - Wrist shot by Tucker Poolman.
13:02 of 2nd period - Stopped by Anton Forsberg with a rebound.
13:22 of 2nd period - Eric Knodel is hit by Sven Andrighetto and loses puck.
13:37 of 2nd period - Minor Penalty to Eric Knodel for High sticking.
13:38 of 2nd period - Tyler Brenner wins face-off versus Dana Tyrell in Little Stars zone.
15:37 of 2nd period - Penalty to Eric Knodel is over, Eric Knodel is back on ice.
15:38 of 2nd period - Off-side.
15:39 of 2nd period - Sven Andrighetto wins face-off versus Daniel O'regan in neutral zone.
16:11 of 2nd period - Wrist shot by Jesse Joensuu.
16:11 of 2nd period - Stopped by Anton Forsberg with a rebound.
16:13 of 2nd period - Snap shot by Jesse Joensuu.
16:13 of 2nd period - Shot Misses the Net.
16:15 of 2nd period - Snap shot by Dana Tyrell.
16:15 of 2nd period - Stopped by Anton Forsberg without a rebound.
16:16 of 2nd period - Calle Jarnkrok wins face-off versus Zach Budish in Harfangs zone.
16:34 of 2nd period - Icing by Adam Tambellini.
16:35 of 2nd period - Tyler Brenner wins face-off versus Dana Tyrell in Little Stars zone.
16:38 of 2nd period - Snap shot by Michael Bournival.
16:38 of 2nd period - Shot Misses the Net.
16:40 of 2nd period - Slapshot by Jake Dotchin.
16:40 of 2nd period - Shot Misses the Net.
16:42 of 2nd period - Slapshot by Jake Dotchin.
16:42 of 2nd period - Shot Blocked by Eric Knodel.
16:44 of 2nd period - Wrist shot by Jake Dotchin.
16:44 of 2nd period - Shot Blocked by Eric Knodel.
17:27 of 2nd period - Daniel O'regan is hit by Sven Andrighetto and loses puck.
17:38 of 2nd period - Patrick Wiercioch is hit by Reid McNeill and loses puck.
17:53 of 2nd period - Snap shot by Daniel O'regan.
17:53 of 2nd period - Shot Blocked by Tyler Randell.
17:55 of 2nd period - Snap shot by Daniel O'regan.
17:55 of 2nd period - Stopped by Anton Forsberg without a rebound.
17:56 of 2nd period - Dana Tyrell wins face-off versus Calle Jarnkrok in Harfangs zone.
17:57 of 2nd period - Snap shot by Scott Kosmachuck.
17:57 of 2nd period - Deflect By Jesse Joensuu.
17:57 of 2nd period - Stopped by Anton Forsberg with a rebound.
18:04 of 2nd period - Dylan Olsen is hit by Eric Knodel and loses puck.
18:21 of 2nd period - Zach Budish is hit by Erik Nystrom and loses puck.
19:25 of 2nd period - Sebastian Wannstrom is hit by Brandon McMillan and loses puck.
19:36 of 2nd period - Wrist shot by Sebastian Wannstrom.
19:36 of 2nd period - Shot Blocked by Calle Jarnkrok.
19:54 of 2nd period - Dana Tyrell is hit by Devon Teows and loses puck.
Goals for this period are 1 for Harfangs vs 0 for Little Stars.
Shots for this period are 7 for Harfangs vs 10 for Little Stars.
3rd period
0:01 of 3rd period - Tyler Brenner wins face-off versus Dana Tyrell in neutral zone.
0:03 of 3rd period - Off-side.
0:04 of 3rd period - Tyler Brenner wins face-off versus Jesse Joensuu in neutral zone.
0:07 of 3rd period - Snap shot by Tyler Brenner.
0:07 of 3rd period - Stopped by Matt Murray with a rebound.
0:51 of 3rd period - Wrist shot by Erik Nystrom.
0:51 of 3rd period - Stopped by Matt Murray with a rebound.
0:58 of 3rd period - Icing by Eric Knodel.
0:59 of 3rd period - Tyler Brenner wins face-off versus Daniel O'regan in Little Stars zone.
1:06 of 3rd period - Wrist shot by Michael Bournival.
1:06 of 3rd period - Stopped by Matt Murray with a rebound.
1:08 of 3rd period - Slapshot by Jake Dotchin.
1:08 of 3rd period - Shot Misses the Net.
1:10 of 3rd period - Snap shot by Tyler Brenner.
1:10 of 3rd period - Stopped by Matt Murray without a rebound.
1:11 of 3rd period - Tyler Brenner wins face-off versus Dana Tyrell in Little Stars zone.
1:16 of 3rd period - Wrist shot by Tyler Brenner.
1:16 of 3rd period - Shot Blocked by Patrick Wiercioch.
1:18 of 3rd period - Snap shot by Tyler Randell.
1:18 of 3rd period - Shot Misses the Net.
1:22 of 3rd period - Slapshot by Tyler Randell.
1:22 of 3rd period - Stopped by Matt Murray with a rebound.
1:24 of 3rd period - Snap shot by Tyler Brenner.
1:24 of 3rd period - Shot Blocked by Patrick Wiercioch.
1:26 of 3rd period - Snap shot by Brenden Kichton.
1:26 of 3rd period - Shot Hit the Post.
1:46 of 3rd period - Minor Penalty to Devon Teows for Tripping.
1:47 of 3rd period - Tyler Randell wins face-off versus Dana Tyrell in Harfangs zone.
1:59 of 3rd period - Backhand shot by Tyler Randell.
1:59 of 3rd period - Stopped by Matt Murray with a rebound.
2:13 of 3rd period - Calle Jarnkrok is hit by Adam Tambellini.
2:17 of 3rd period - Calle Jarnkrok is hit by Adam Tambellini and loses puck.
2:26 of 3rd period - Slapshot by Tyler Wotherspoon.
2:26 of 3rd period - Shot Misses the Net.
3:46 of 3rd period - Penalty to Devon Teows is over, Devon Teows is back on ice.
3:58 of 3rd period - Wrist shot by Nick Shore.
3:58 of 3rd period - Stopped by Matt Murray with a rebound.
4:00 of 3rd period - Snap shot by Erik Nystrom.
4:00 of 3rd period - Shot Misses the Net.
4:11 of 3rd period - Icing by Shane Gersich.
4:12 of 3rd period - Cristoval Nieves wins face-off versus Daniel O'regan in Little Stars zone.
4:15 of 3rd period - Wrist shot by Morgan Klimchuk.
4:15 of 3rd period - Shot Misses the Net.
5:00 of 3rd period - Slapshot by Brenden Kichton.
5:00 of 3rd period - Shot Blocked by Dana Tyrell.
5:10 of 3rd period - Snap shot by Tyler Randell.
5:10 of 3rd period - Deflect By Michael Bournival.
5:10 of 3rd period - Stopped by Matt Murray with a rebound.
5:12 of 3rd period - Slapshot by Michael Bournival.
5:12 of 3rd period - Stopped by Matt Murray with a rebound.
6:38 of 3rd period - Snap shot by Calle Jarnkrok.
6:38 of 3rd period - Stopped by Matt Murray with a rebound.
6:40 of 3rd period - Snap shot by Brandon McMillan.
6:40 of 3rd period - Stopped by Matt Murray without a rebound.
6:41 of 3rd period - Tyler Brenner wins face-off versus Dana Tyrell in Little Stars zone.
6:44 of 3rd period - Snap shot by Tyler Brenner.
6:44 of 3rd period - Stopped by Matt Murray with a rebound.
6:46 of 3rd period - Snap shot by Michael Bournival.
6:46 of 3rd period - Shot Misses the Net.
7:06 of 3rd period - Sebastian Wannstrom is hit by Rinat Valiev.
7:14 of 3rd period - Wrist shot by Daniel O'regan.
7:14 of 3rd period - Deflect By Michael Mersch.
7:14 of 3rd period - Goal by Michael Mersch - Harfangs : 2 - Little Stars : 1.
7:15 of 3rd period - Dana Tyrell wins face-off versus Tyler Brenner in neutral zone.
7:18 of 3rd period - Wrist shot by Patrick Wiercioch.
7:18 of 3rd period - Stopped by Anton Forsberg with a rebound.
7:26 of 3rd period - Snap shot by Tyler Brenner.
7:26 of 3rd period - Stopped by Matt Murray with a rebound.
7:28 of 3rd period - Snap shot by Michael Bournival.
7:28 of 3rd period - Stopped by Matt Murray with a rebound.
7:30 of 3rd period - Wrist shot by Brenden Kichton.
7:30 of 3rd period - Stopped by Matt Murray with a rebound.
7:46 of 3rd period - Slapshot by Patrick Wiercioch.
7:46 of 3rd period - Shot Misses the Net.
7:48 of 3rd period - Wrist shot by Adam Tambellini.
7:48 of 3rd period - Goal by Adam Tambellini - Harfangs : 2 - Little Stars : 2.
7:49 of 3rd period - Tyler Brenner wins face-off versus Dana Tyrell in neutral zone.
8:41 of 3rd period - Snap shot by Michael Mersch.
8:41 of 3rd period - Stopped by Anton Forsberg without a rebound.
8:42 of 3rd period - Daniel O'regan wins face-off versus Tyler Brenner in Harfangs zone.
8:45 of 3rd period - Slapshot by Sebastian Wannstrom.
8:45 of 3rd period - Stopped by Anton Forsberg with a rebound.
9:03 of 3rd period - Wrist shot by Sebastian Wannstrom.
9:03 of 3rd period - Deflect By Daniel O'regan.
9:03 of 3rd period - Stopped by Anton Forsberg with a rebound.
9:05 of 3rd period - Slapshot by Tucker Poolman.
9:05 of 3rd period - Shot Blocked by Brenden Kichton.
9:07 of 3rd period - Snap shot by Michael Mersch.
9:07 of 3rd period - Stopped by Anton Forsberg with a rebound.
9:09 of 3rd period - Backhand shot by Michael Mersch.
9:09 of 3rd period - Shot Misses the Net.
9:11 of 3rd period - Slapshot by Tucker Poolman.
9:11 of 3rd period - Deflect By Michael Mersch.
9:11 of 3rd period - Stopped by Anton Forsberg without a rebound.
9:12 of 3rd period - Tyler Brenner wins face-off versus Dana Tyrell in Harfangs zone.
9:12 of 3rd period - Tyler Brenner is hit by Scott Kosmachuck.
9:24 of 3rd period - Dana Tyrell is hit by Tyler Brenner and loses puck.
9:34 of 3rd period - Icing by Tyler Randell.
9:35 of 3rd period - Evgeny Kuznetsov wins face-off versus Tyler Brenner in Harfangs zone.
9:56 of 3rd period - Snap shot by Tyler Brenner.
9:56 of 3rd period - Shot Misses the Net.
9:58 of 3rd period - Snap shot by Tyler Randell.
9:58 of 3rd period - Deflect By Michael Bournival.
9:58 of 3rd period - Shot Blocked by Eric Knodel.
9:58 of 3rd period - Puck is out of play.
9:59 of 3rd period - Calle Jarnkrok wins face-off versus Dana Tyrell in Little Stars zone.
10:02 of 3rd period - Slapshot by Brandon McMillan.
10:02 of 3rd period - Shot Blocked by Patrick Wiercioch.
10:26 of 3rd period - Sebastian Wannstrom is hit by Sven Andrighetto and loses puck.
10:58 of 3rd period - Snap shot by Morgan Klimchuk.
10:58 of 3rd period - Stopped by Matt Murray without a rebound.
10:59 of 3rd period - Dana Tyrell wins face-off versus Tyler Brenner in Little Stars zone.
10:59 of 3rd period - Dana Tyrell is hit by Michael Bournival.
11:32 of 3rd period - Icing by Dylan Olsen.
11:33 of 3rd period - Tyler Brenner wins face-off versus Daniel O'regan in Harfangs zone.
11:44 of 3rd period - Backhand shot by Tyler Brenner.
11:44 of 3rd period - Deflect By Tyler Randell.
11:44 of 3rd period - Stopped by Matt Murray with a rebound.
11:53 of 3rd period - Snap shot by Michael Mersch.
11:53 of 3rd period - Stopped by Anton Forsberg with a rebound.
11:55 of 3rd period - Slapshot by Anton Cederholm.
11:55 of 3rd period - Shot Misses the Net.
12:10 of 3rd period - Wrist shot by Michael Bournival.
12:10 of 3rd period - Shot Misses the Net.
12:23 of 3rd period - Snap shot by Tyler Randell.
12:23 of 3rd period - Shot Misses the Net.
12:25 of 3rd period - Slapshot by Dylan Olsen.
12:25 of 3rd period - Stopped by Matt Murray without a rebound.
12:26 of 3rd period - Dana Tyrell wins face-off versus Calle Jarnkrok in Little Stars zone.
13:20 of 3rd period - Slapshot by Tyler Wotherspoon.
13:20 of 3rd period - Stopped by Anton Forsberg with a rebound.
13:22 of 3rd period - Snap shot by Jason Dickinson.
13:22 of 3rd period - Stopped by Anton Forsberg with a rebound.
13:28 of 3rd period - Minor Penalty to Cristoval Nieves for Slashing.
13:29 of 3rd period - Tyler Randell wins face-off versus Dana Tyrell in Harfangs zone.
14:10 of 3rd period - Minor Penalty to Tyler Brenner for Hooking.
14:11 of 3rd period - Tyler Randell wins face-off versus Dana Tyrell in Harfangs zone.
15:28 of 3rd period - Penalty to Cristoval Nieves is over, Cristoval Nieves is back on ice.
16:10 of 3rd period - Penalty to Tyler Brenner is over, Tyler Brenner is back on ice.
16:37 of 3rd period - Snap shot by Cristoval Nieves.
16:37 of 3rd period - Deflect By Nick Sorensen.
16:37 of 3rd period - Shot Blocked by Eric Knodel.
16:37 of 3rd period - Puck is out of play.
16:38 of 3rd period - Sebastian Wannstrom wins face-off versus Cristoval Nieves in Little Stars zone.
16:38 of 3rd period - Sebastian Wannstrom is hit by Morgan Klimchuk.
17:07 of 3rd period - Slapshot by Nick Shore.
17:07 of 3rd period - Stopped by Matt Murray without a rebound.
17:08 of 3rd period - Nick Shore wins face-off versus Dana Tyrell in Little Stars zone.
17:09 of 3rd period - Wrist shot by Erik Nystrom.
17:09 of 3rd period - Shot Misses the Net.
17:19 of 3rd period - Snap shot by Scott Kosmachuck.
17:19 of 3rd period - Stopped by Anton Forsberg with a rebound.
17:21 of 3rd period - Slapshot by Eric Knodel.
17:21 of 3rd period - Deflect By Erik Nystrom.
17:21 of 3rd period - Stopped by Anton Forsberg without a rebound.
17:22 of 3rd period - Nick Shore wins face-off versus Daniel O'regan in Harfangs zone.
17:47 of 3rd period - Tyler Brenner is hit by Dana Tyrell and loses puck.
18:05 of 3rd period - Off-side.
18:06 of 3rd period - Cristoval Nieves wins face-off versus Evgeny Kuznetsov in neutral zone.
18:17 of 3rd period - Snap shot by Morgan Klimchuk.
18:17 of 3rd period - Shot Blocked by Eric Knodel.
18:33 of 3rd period - Slapshot by Nick Shore.
18:33 of 3rd period - Shot Misses the Net.
18:39 of 3rd period - Snap shot by Nick Shore.
18:39 of 3rd period - Shot Blocked by Daniel O'regan.
18:41 of 3rd period - Slapshot by Jake Dotchin.
18:41 of 3rd period - Deflect By Erik Nystrom.
18:41 of 3rd period - Stopped by Matt Murray without a rebound.
18:42 of 3rd period - Tyler Brenner wins face-off versus Dana Tyrell in Little Stars zone.
18:43 of 3rd period - Wrist shot by Tyler Randell.
18:43 of 3rd period - Shot Misses the Net.
18:50 of 3rd period - Icing by Patrick Wiercioch.
18:51 of 3rd period - Dana Tyrell wins face-off versus Tyler Brenner in Little Stars zone.
18:51 of 3rd period - Dana Tyrell is hit by Tyler Brenner.
19:37 of 3rd period - Wrist shot by Dana Tyrell.
19:37 of 3rd period - Stopped by Anton Forsberg with a rebound.
Goals for this period are 0 for Harfangs vs 2 for Little Stars.
Shots for this period are 20 for Harfangs vs 14 for Little Stars.
Overtime #1
0:01 of 1st overtime period - Dana Tyrell wins face-off versus Tyler Randell in neutral zone.
0:08 of 1st overtime period - Wrist shot by Evgeny Kuznetsov.
0:08 of 1st overtime period - Stopped by Anton Forsberg with a rebound.
0:10 of 1st overtime period - Wrist shot by Patrick Wiercioch.
0:10 of 1st overtime period - Stopped by Anton Forsberg with a rebound.
0:12 of 1st overtime period - Snap shot by Evgeny Kuznetsov.
0:12 of 1st overtime period - Shot Misses the Net.
0:14 of 1st overtime period - Slapshot by Evgeny Kuznetsov.
0:14 of 1st overtime period - Stopped by Anton Forsberg with a rebound.
0:51 of 1st overtime period - Snap shot by Dylan Olsen.
0:51 of 1st overtime period - Goal by Dylan Olsen - Harfangs : 3 - Little Stars : 2.
Goals for this period are 1 for Harfangs vs 0 for Little Stars.
Shots for this period are 1 for Harfangs vs 3 for Little Stars.
Back to the Top